 Dungeon Crawl Stone Soup version 0.31.0-32-g396128a36d (webtiles) character file.

Game seed: 5586243457326318848

38 voidweller the Trooper (level 3, 0/40 HPs)
             Began as an Oni Cinder Acolyte on Mar 28, 2024.
             Was a High Priest of Ignis.
             Succumbed to an adder's poison
             ... on level 2 of the Dungeon.
             The game lasted 00:16:35 (1189 turns).

voidweller the Trooper (Oni Cinder Acolyte)         Turns: 1189, Time: 00:16:36

Health: 0/40       AC:  4    Str: 20    XL:     3   Next: 43%
Magic:  1/4        EV:  9    Int: 15    God:    Ignis [*****.]
Gold:   66         SH:  0    Dex:  4    Spells: 2/4 levels left

rFire   + . .        a - -1 spear (flame)
rCold   . . .        (no shield)
rNeg    . . .        b - +1 robe
rPois   .            (helmet restricted)
rElec   .            (no cloak)
rCorr   .            (gloves unavailable)
SInv    .            (boots unavailable)
Will    .....        (no amulet)
Stlth   +            (no ring)
HPRegen 0.26/turn    (no ring)
MPRegen 0.09/turn

%: no passive effects
@: mighty, lethally poisoned (0 -> 0)
A: large, unfitting armour, horns 1, tough skin 1, double potion healing,
drunken brawling
a: Renounce Religion, Fiery Armour, Foxfire Swarm, Rising Flame


You were on level 2 of the Dungeon.
You worshipped Ignis.
Ignis was extremely pleased with you.
You visited 1 branch of the dungeon, and saw 2 of its levels.

You collected 66 gold pieces.

Inventory:

Hand Weapons
 a - a -1 spear of flaming (weapon)
 c - a +0 dagger
 f - a +0 dagger
 g - a +0 dagger
 i - a +0 whip
 k - a +0 short sword
 l - a +0 short sword
Armour
 b - a +1 robe (worn)
Talismans
 d - a serpent talisman


   Skills:
 + Level 4.5 Fighting
 + Level 3.5 Polearms
 + Level 1.2 Spellcasting
 + Level 3.1 Fire Magic


You had 2 spell levels left.
You knew the following spells:

 Your Spells              Type           Power      Damage    Failure   Level
a - Scorch                Fire           20%        2d5       10%         2

Your spell library contained the following spells:

 Spells                   Type           Power      Damage    Failure   Level


Dungeon Overview and Level Annotations

Branches:
Dungeon (2/15)

Altars:


Innate Abilities, Weirdness & Mutations

You are too large for most types of armour.
You have a pair of small horns on your head.
You have tough skin. (AC +1)
You gain doubled healing and magic from potions.
Whenever you drink a healing potion, you attack all around you.


Message History

The adder is almost dead.
You feel sick. The adder bites you.
You are more poisoned.
The adder poisons you!
You hit the adder. You burn the adder.
You kill the adder!
You feel sick. The ribbon worm barely misses you.
You feel very sick.
The ribbon worm expels a string of sticky webbing.
The stream of webbing hits you but does no damage.
You are caught in a web!
There is a web here.
You struggle to detach yourself from the web.
You feel sick.
The web tears apart.
You feel sick.
Press: ? - help, v - describe, . - travel
Here: a ribbon worm The floor.
Casting: Scorch (safe; 10% risk of failure)
Confirm with . or Enter, or press ? or * to list all spells.
Flames lash the ribbon worm.
The ribbon worm is lightly wounded.
The ribbon worm's fire resistance burns away.
You feel sick.
The ribbon worm bites you but does no damage.
You barely miss the ribbon worm.
The ribbon worm is lightly wounded.
The ribbon worm closely misses you.
You barely miss the ribbon worm.
You feel sick.
You barely miss the ribbon worm. You headbutt the ribbon worm.
The ribbon worm is moderately wounded.
You feel sick.
The ribbon worm is no longer more vulnerable to fire.
The ribbon worm bites you.
* * * LOW HITPOINT WARNING * * *
* * * LOW HITPOINT WARNING * * *
You feel sick.
The ribbon worm attacks as it pursues you!
The ribbon worm bites you but does no damage.
You die...

..#........#.###.#...#
........#.......).. ..
....#....##..<..##.##.
....#.......#...##.#.
#
....#####.#..........
....#####w#.†...###
..........###.w.#
....#####.# #.#.###.#
..).#####.# #.#.@...#
..........# #.#.#####
....####### ###.# ###.
### #. ##


You could see a ribbon worm.

Vanquished Creatures
  An adder (D:2)
  2 dart slugs (D:1)
  2 bats (D:1)
  2 goblins (D:1)
  4 hobgoblins (D:1)
  4 kobolds
  4 ball pythons (D:1)
  5 rats
24 creatures vanquished.

Notes
Turn   | Place    | Note
-------+----------+-------------------------------------------
     0 | D:1      | voidweller the Oni Cinder Acolyte began the quest for the
                  | Orb.
     0 | D:1      | Reached XP level 1. HP: 24/24 MP: 2/2
   147 | D:1      | Reached XP level 2. HP: 29/32 MP: 3/3
   247 | D:1      | Learned a level 2 spell: Scorch
   710 | D:1      | Reached XP level 3. HP: 39/39 MP: 1/4
  1187 | D:2      | HP: 2/40 [ribbon worm (4)]
  1189 | D:2      | Succumbed to an adder's poison

Illustrated notes

Levels and vault maps discovered:
D:1:      lordsloth_arrival_two_stooges, layout_basic, minmay_quantized
D:2:      layout_basic

Skill      XL: |  1  2 |
---------------+-------+-----
Fire Magic     | 3 |  3.1
Fighting       | |  4.5
Polearms       | |  3.5
Spellcasting   | |  1.2

Action                     || total
---------------------------++-------
  Melee: Spear             ||    54
         Headbutt          ||     3
         Punch             ||     1
   Cast: Scorch            ||    10
    Use: Scroll            ||     6
         Potion            ||     3
 Armour: Robe              ||    38
  Dodge: Dodged            ||    22
